 Dungeon Crawl Stone Soup version 0.28-a0-1184-g53156a8862 (webtiles) character file.

Game seed: 3154299527376346836

23 flotson the Ducker (level 2, -12/23 HPs)
             Began as a Demonspawn Gladiator on Dec 17, 2021.
             Mangled by Crazy Yiuf (14 damage)
             ... on level 2 of the Dungeon.
             The game lasted 00:01:27 (1151 turns).

flotson the Ducker (Demonspawn Gladiator)           Turns: 1151, Time: 00:01:27

Health: -12/23     AC:  3    Str: 14    XL:     2   Next: 75%
Magic:  2/2        EV: 12    Int:  9    God:
Gold:   51         SH:  0    Dex: 14    Spells: 1/1 levels left

rFire   . . .      SeeInvis .   b - +2 hunting sling (freeze)
rCold   . . .      Faith    .   (no shield)
rNeg    . . .      Spirit   .   h - +0 leather armour
rPois   .          Reflect  .   (helmet restricted)
rElec   .          Harm     .   (no cloak)
rCorr   .          Rampage  .   (no gloves)
Will    .....                   (no boots)
Stlth   +.........              (no amulet)
HPRegen 0.07/turn               (no ring)
MPRegen 0.08/turn               (no ring)

@: no status effects
A: horns 1
a: no special abilities


You were on level 2 of the Dungeon.
You visited 1 branch of the dungeon, and saw 2 of its levels.

You collected 51 gold pieces.

Inventory:

Hand Weapons
 a - a +0 war axe
 b - a +2 hunting sling of freezing (weapon)
Missiles
 d - 2 throwing nets (quivered)
 j - 10 sling bullets (quivered ammo)
 m - 66 stones
Armour
 h - a +0 leather armour (worn)
Scrolls
 e - a scroll of magic mapping {unknown}
 f - 3 scrolls of identify {unknown}
 g - a scroll of brand weapon {unknown}
 i - a scroll of silence {unknown}
 n - a scroll of fog {unknown}
 p - a scroll of vulnerability {unknown}
 r - a scroll of immolation {unknown}
 s - a scroll of fear {unknown}
Potions
 c - a potion of cancellation {unknown}
 k - a potion of invisibility {unknown}
 l - a potion of degeneration {unknown}
 o - a potion of might {unknown}
 q - 2 potions of curing {unknown}


   Skills:
 + Level 2.3 Fighting
 - Level 2.6 Axes
 + Level 2.1 Throwing
 + Level 0.8 Armour
 + Level 3.0 Dodging


You had one spell level left.
You didn't know any spells.
Your spell library was empty.

Dungeon Overview and Level Annotations

Branches:
Dungeon (2/15)

Altars:

Annotations:
D:2 Crazy Yiuf


Innate Abilities, Weirdness & Mutations

You have a pair of small horns on your head.


Message History

You shoot a sling bullet. The sling bullet hits the jackal!
The sling bullet freezes the jackal.
You kill the jackal!
Your Dodging skill increases to level 3!
No target in view!
No target in view!
No target in view!
No target in view!
No target in view!
No target in view!
No target in view!
j - 10 sling bullets (gained 1)
You see here a jackal corpse.
j - 11 sling bullets (gained 1)
j - 12 sling bullets (gained 1)
Found a mace.
Found a runed translucent door.
m - 66 stones (gained 27) Crazy Yiuf shouts!
As you open the door, it creaks loudly!
You shoot a sling bullet.
The sling bullet hits Crazy Yiuf but does no damage.
Crazy Yiuf closely misses you.
Crazy Yiuf laughs, "Mugger high horse!"
Crazy Yiuf hits you with a +3 quarterstaff of chaos!
Crazy Yiuf burns you.
You shoot a sling bullet. The sling bullet hits Crazy Yiuf!
The sling bullet freezes Crazy Yiuf.
Crazy Yiuf is heavily wounded.
Crazy Yiuf hits you with a +3 quarterstaff of chaos!
* * * LOW HITPOINT WARNING * * *
You are too injured to fight recklessly!
Crazy Yiuf yells, "Proton sanguine action!"
Throw: 3 throwing nets
Press: ? - help, Q - select action, (/) - cycle Shift-Dir - straight line, f/p - Crazy Yiuf
Aim: Crazy Yiuf, wielding a +3 quarterstaff of chaos and wearing a +0 cloak of preservation (heavily wounded, 64% to hit)
You throw a throwing net.
The throwing net closely misses Crazy Yiuf.
Crazy Yiuf hits you with a +3 quarterstaff of chaos!
Ouch! That really hurt!
You die...

##### #..)# #...#
... #(# ♣♣.♣ #######
♣g♣♣ #...... ♣♣@♣
#...... ♣.♣♣ #......
♣♣.♣♣ #...... ♣...♣♣
#...... ♣....♣
#####...... #....#
#..........
#....####....######
#######...........#
#......^.####.....##


You could see Crazy Yiuf.

Vanquished Creatures
  A worm (D:2)
  2 bats (D:1)
  2 endoplasms
  2 goblins (D:1)
  4 jackals (D:2)
  A quokka (D:1)
  4 ball pythons
  A frilled lizard (D:1)
  2 kobolds
19 creatures vanquished.

Notes
Turn   | Place    | Note
-------+----------+-------------------------------------------
     0 | D:1      | flotson the Demonspawn Gladiator began the quest for the
                  | Orb.
     0 | D:1      | Reached XP level 1. HP: 16/16 MP: 1/1
   388 | D:1      | Gained mutation: You have a pair of small horns on your
                  | head. [demonic ancestry]
   388 | D:1      | Reached XP level 2. HP: 22/22 MP: 2/2
   975 | D:2      | Reached skill level 3 in Dodging
   996 | D:2      | Found a runed translucent door.
   997 | D:2      | Noticed Crazy Yiuf
  1151 | D:2      | Mangled by Crazy Yiuf

Illustrated notes

Levels and vault maps discovered:
D:1:      amcnicky_arrival_underground_garden, layout_loops_ring,
          corexii_corridor_pit
D:2:      layout_rooms, uniq_crazy_yiuf_cottage

Skill      XL: |  1  2 |
---------------+-------+-----
Throwing       | 2 |  2.1
Dodging        | 3 |  3.0
Fighting       | |  2.3
Axes           | |  2.6
Armour         | |  0.8

Action                   || total
-------------------------++-------
Melee: War axe           ||     7
 Fire: Hunting sling     ||    31
Throw: Throwing net      ||     1
Armor: Leather armour    ||     2
Dodge: Dodged            ||     9

Table legend: (Time is in decaauts)
 A = Elapsed time spent in this place.
 B = Non-inter-level travel time spent in this place.
 C = Inter-level travel time spent in this place.
 D = Time resting spent in this place.
 E = Time spent auto-exploring this place.
 F = Levels seen in this place.
 G = Mean time per level.
                   A        B        C        D        E       F      G
               +--------+--------+--------+--------+--------+-----+--------+
         Total |   1157 |   1146 |     11 |      0 |   1013 |   2 |  578.5 |
       Dungeon |   1157 |   1146 |     11 |      0 |   1013 |   2 |  578.5 |
               +--------+--------+--------+--------+--------+-----+--------+

Top non-repeatable levels by time:
     D:1: 731 daAuts
     D:2: 426 daAuts
